 Dungeon Crawl Stone Soup version 0.29-a0-284-gf9362112df (webtiles) character file.

Game seed: 5691213339037051588

347 bande the Covered (level 6, 0/39 HPs)
             Began as a Gargoyle Fighter on Mar 29, 2022.
             Slain by Edmund
             ... wielding a +2 dire flail of holy wrath
              (11 damage)
             ... on level 3 of the Dungeon.
             The game lasted 00:04:48 (2817 turns).

bande the Covered (Gargoyle Fighter)                Turns: 2817, Time: 00:04:49

Health: 0/39       AC: 15    Str: 19    XL:     6   Next: 59%
Magic:  6/6        EV:  9    Int:  9    God:
Gold:   120        SH:  4    Dex: 11    Spells: 5/5 levels left

rFire   . . .      SeeInvis .   a - +0 war axe
rCold   . . .      Faith    .   c - +0 buckler
rNeg    + . .      Spirit   .   b - +0 scale mail
rPois   ∞          Reflect  .   (no helmet)
rElec   +          Harm     .   k - +0 cloak
rCorr   .          Rampage  .   (no gloves)
Will    .....                   h - +1 pair of boots
Stlth   ..........              (no amulet)
HPRegen 0.13/turn               (no ring)
MPRegen 0.10/turn               (no ring)

@: no status effects
A: sickness immunity, AC +4, negative energy resistance 1, electricity
resistance, torment resistance 1, petrification resistance
a: no special abilities


You were on level 3 of the Dungeon.
You visited 1 branch of the dungeon, and saw 4 of its levels.

You collected 120 gold pieces.

Inventory:

Hand Weapons
 a - a +0 war axe (weapon)
 p - a +0 flail
Armour
 b - a +0 scale mail (worn)
 c - a +0 buckler (worn)
 h - a +1 pair of boots (worn)
 k - a +0 cloak (worn)
Scrolls
 j - a scroll of identify
 n - a scroll of teleportation
 o - a scroll of fear
Potions
 d - a potion of might
 e - a potion of ambrosia {unknown}
 f - a potion of heal wounds {unknown}
 g - a potion of cancellation {unknown}
 i - a potion of curing
 l - a potion of invisibility {unknown}
 m - a potion of flight {unknown}


   Skills:
 + Level 4.3 Fighting
 + Level 4.3 Axes
 + Level 4.9 Armour
 + Level 4.0 Shields


You had 5 spell levels left.
You didn't know any spells.
Your spell library contained the following spells:

 Spells                   Type           Power      Damage    Failure   Level
 Magic Dart               Conj           0%         1d3       83%         1
 Searing Ray              Conj           0%         2d4       92%         2
 Gell's Gravitas          Tloc           0%         N/A       99%         3
 Lesser Beckoning         Tloc           0%         N/A       99%         3
 Teleport Other           Tloc           0%         N/A       99%         3
 Fulminant Prism          Conj/Hex       0%         3d6       100%        4


Dungeon Overview and Level Annotations

Branches:
Dungeon (4/15)
 Temple: D:4-7

Altars:
Ashenzari

Shops:
D:2 [

Annotations:
D:3 Edmund


Innate Abilities, Weirdness & Mutations

You are immune to sickness and miasma.
Your stone body is resilient. (AC +4)
You are immune to poison.
You resist negative energy. (rN+)
You are resistant to electric shocks. (rElec)
You are resistant to unholy torment.
You are immune to petrification.


Message History

The orc hits you with a +0 whip.
There is a stone staircase leading up here.
The orc shouts!
The orc priest shouts!
The orc hits you but does no damage. The orc hits you with a +0 whip.
Edmund hits you with a +2 dire flail of holy wrath!
You climb upwards.
There is a stone staircase leading down here.
You hit Edmund.
Edmund is lightly wounded.
You hit the orc but do no damage. You hit the orc.
Edmund hits you with a +2 dire flail of holy wrath.
The orc completely misses you. The orc barely misses you.
You hit Edmund.
Edmund is lightly wounded.
You hit the orc. x2; You block the orc's attack.
The orc hits you but does no damage. Edmund hits you but does no damage.
You hit the orc but do no damage.
The orc is severely wounded.
You hit Edmund but do no damage. You slash the orc!
You kill the orc!
Edmund hits you with a +2 dire flail of holy wrath!
The orc barely misses you. The orc closely misses you.
Edmund barely misses you.
You slash the orc!
You kill the orc!
You barely miss Edmund. Edmund barely misses you.
Unknown command.
You closely miss Edmund.
Edmund is lightly wounded.
Edmund grinds his teeth, and then sighs.
Edmund hits you with a +2 dire flail of holy wrath.
You hit Edmund but do no damage.
Edmund is lightly wounded.
Edmund hits you with a +2 dire flail of holy wrath!
* * * LOW HITPOINT WARNING * * *
You block Edmund's attack.
Unknown command.
You feel better.
Edmund hits you with a +2 dire flail of holy wrath!
You die...

###### ############ #....#
......##...# #)†@.# ....#).....#
#.@).# #### ...#####...####))[.#
#... ..##.# #......)....# #...
.##..# #...####....# #...
##...###......##.### ####...
#.....#######..#.##### ###......
.............<.......####...#####
.....####....#...###........### #
###### ##.######.########.....#


You could see Edmund.

Vanquished Creatures
  Sigmund (D:3)
  A scorpion (D:3)
  A jelly (D:3)
  Crazy Yiuf (D:2)
  An adder (D:3)
  2 dart slugs
  8 orcs (D:3)
  2 ball pythons
  3 bats (D:1)
  6 endoplasms
  3 giant cockroaches
  A goblin (D:3)
  6 hobgoblins
  A quokka (D:1)
  A kobold (D:3)
  2 rats
40 creatures vanquished.

Vanquished Creatures (others)
  4 fungi (D:2)
4 creatures vanquished.

Grand Total: 44 creatures vanquished

Notes
Turn   | Place    | Note
-------+----------+-------------------------------------------
     0 | D:1      | bande the Gargoyle Fighter began the quest for the Orb.
     0 | D:1      | Reached XP level 1. HP: 14/14 MP: 1/1
   208 | D:1      | Reached XP level 2. HP: 14/19 MP: 2/2
   364 | D:1      | Found a faded altar of an unknown god.
  1178 | D:2      | Found Qonoqog's Armour Emporium.
  1597 | D:2      | Found a runed translucent door.
  1598 | D:2      | Noticed Crazy Yiuf
  1605 | D:2      | Killed Crazy Yiuf
  1606 | D:2      | Reached XP level 3. HP: 24/24 MP: 3/3
  1651 | D:3      | Reached XP level 4. HP: 28/29 MP: 4/4
  1877 | D:3      | Noticed a scorpion
  1923 | D:3      | Killed a scorpion
  1924 | D:3      | Reached XP level 5. HP: 21/33 MP: 5/5
  2260 | D:3      | Found a broken altar of Ashenzari.
  2261 | D:3      | Noticed Sigmund
  2289 | D:3      | Killed Sigmund
  2290 | D:3      | Reached XP level 6. HP: 39/39 MP: 6/6
  2648 | D:4      | Noticed Edmund
  2817 | D:3      | Slain by Edmund

Illustrated notes

Levels and vault maps discovered:
D:1:      mrwooster_arrival_statue_3, layout_rooms, basic_ecumenical_altar,
          serial_co_window_serial, co_window_corner_a,
          co_window_of_opportunity_a, co_window_of_opportunity_a,
          co_window_of_opportunity_a, co_window_of_opportunity_a,
          co_window_paths_b, co_window_broadway_a, co_window_unsneaky_path_b,
          co_window_broadway_a, co_window_2corner, co_window_4corner_a,
          co_window_paths_e, glass_columns_b, glass_columns_c, glass_columns_a
D:2:      layout_basic, serial_shops, shop, uniq_crazy_yiuf_cottage
D:3:      layout_rooms, nicolae_ashenzari_panopticon,
          wad_floor_pattern_untrapped, uniq_sigmund
D:4:      layout_loops_ring, uniq_edmund

Skill      XL: |  1  2  3  4  5 |
---------------+----------------+-----
Axes           | 2 3 4 |  4.3
Armour         | 4 |  4.9
Fighting       | 4 |  4.3
Shields        | 4 |  4.0

Action                   |  1- 3 |  4- 6 || total
-------------------------+-------+-------++-------
Melee: War axe           |    48 |    69 ||   117
  Use: Scroll            |     4 |     2 ||     6
       Potion            |       |     1 ||     1
Armor: Scale mail        |    23 |    29 ||    52
Dodge: Dodged            |    24 |    50 ||    74
Block: Buckler           |     9 |    16 ||    25

Table legend: (Time is in decaauts)
 A = Elapsed time spent in this place.
 B = Non-inter-level travel time spent in this place.
 C = Inter-level travel time spent in this place.
 D = Time resting spent in this place.
 E = Time spent auto-exploring this place.
 F = Levels seen in this place.
 G = Mean time per level.
                   A        B        C        D        E       F      G
               +--------+--------+--------+--------+--------+-----+--------+
         Total |   2866 |   2790 |     76 |    338 |   2024 |   4 |  716.5 |
       Dungeon |   2866 |   2790 |     76 |    338 |   2024 |   4 |  716.5 |
               +--------+--------+--------+--------+--------+-----+--------+

Top non-repeatable levels by time:
     D:3: 1196 daAuts
     D:1: 899 daAuts
     D:2: 764 daAuts
     D:4: 6 daAuts
